 Dungeon Crawl Stone Soup version 0.21.0-3-g78d12a8 (webtiles) character file.

41 grindst0ne the Magician (level 3, 0/29 HPs)
             Began as a Demonspawn Wizard on Jan 10, 2018.
             Slain by an adder (1 damage)
             ... on level 2 of the Dungeon.
             The game lasted 00:02:44 (1794 turns).

grindst0ne the Magician (Demonspawn Wizard)         Turns: 1794, Time: 00:02:44

Health: 0/29       AC:  2    Str:  8    XL:     3   Next: 32%
Magic:  0/7        EV: 12    Int: 19    God:
Gold:   57         SH:  0    Dex: 11    Spells: 7/8 levels left

rFire    . . .     SeeInvis .   i - +0 hand axe
rCold    . . .     Gourm    .   (no shield)
rNeg     . . .     Faith    .   a - +0 robe
rPois    .         Spirit   .   b - +0 hat
rElec    .         Reflect  .   (no cloak)
rCorr    .         Harm     .   (no gloves)
MR       .....                  (no boots)
Stlth    ++........             (no amulet)
HPRegen  0.09/turn              (no ring)
MPRegen  0.10/turn              (no ring)

@: lethally poisoned (0 -> -4), hasted, very quick
A: horns 1, powered by pain 1
a: no special abilities


You were on level 2 of the Dungeon.
You were hungry.

You visited 1 branch of the dungeon, and saw 2 of its levels.

You collected 57 gold pieces.

Inventory:

Hand Weapons
 g - a +0 club
 i - a +0 hand axe (weapon)
Armour
 a - a +0 robe (worn)
 b - a +0 hat (worn)
 e - a +0 leather armour
Scrolls
 f - 2 scrolls of identify {unknown}
 h - a scroll of random uselessness {unknown}
 j - a scroll of enchant weapon {unknown}
 k - a scroll of teleportation {unknown}
Potions
 m - a potion of ambrosia {unknown}
 n - a potion of cancellation {unknown}
Books
 c - a book of Minor Magic

   Spells                             Type                      Level
   a - Magic Dart                     Conjuration                  1
   b - Blink                          Translocation                2
   c - Call Imp                       Summoning                    2
   d - Slow                           Hexes                        2
   e - Conjure Flame                  Conjuration/Fire             3
   f - Mephitic Cloud                 Conjuration/Poison/Air       3
Comestibles
 d - 3 rations


   Skills:
 * Level 3.0 Fighting
 - Level 1.7 Dodging
 - Level 1.7 Stealth
 - Level 3.0 Spellcasting
 - Level 1.0 Conjurations
   Level 1.0 Summonings
   Level 0.8 Translocations


You had 7 spell levels left.
You knew the following spells:

 Your Spells              Type           Power        Failure   Level  Hunger
a - Magic Dart            Conj           #...         10%         1    None


Dungeon Overview and Level Annotations

Branches:
Dungeon (2/15)

Altars:


Innate Abilities, Weirdness & Mutations

You have a pair of small horns on your head.
You sometimes gain a little power by taking damage.


Message History

You closely miss the adder.
The adder is severely wounded.
You feel sick. The adder misses you. The adder bites you.
* * * LOW HITPOINT WARNING * * *
The adder barely misses you.
You feel sick.
There is a stone staircase leading up here.
Casting: Magic Dart
Confirm with . or Enter, or press ? or * to list all spells.
Aiming: Magic Dart
Press: ? - help, Shift-Dir - straight line, f/p - adder
Aim: an adder (severely wounded)
The magic dart hits the adder.
The adder is almost dead.
You feel sick. The adder bites you.
* * * LOW HITPOINT WARNING * * *
It was a potion of haste.
You feel yourself speed up. The adder bites you.
* * * LOW HITPOINT WARNING * * *
The adder bites you.
You die...

.# #.##### #.........# .# #.....
########..## #≈≈≈≈≈ #..). ###≈#≈≈
# #.... .)≈#≈###≈# #....
#≈#≈≈≈≈≈#≈# #.... #≈≈≈≈≈≈≈≈≈#
######.#..
##.#################.........
######.........(@Sg......####.#..
......#################### #.###
#####.# ..# #.# #### #.# #.# #.#
... #.#


You could see an adder and a goblin.

Vanquished Creatures
  An ooze (D:2)
  A dart slug (D:1)
  3 leopard geckos (D:1)
  4 goblins (D:1)
  3 hobgoblins (D:1)
  2 jackals (D:2)
  A quokka (D:2)
  A ball python (D:1)
  4 bats
  2 frilled lizards (D:1)
  5 kobolds
  4 rats (D:1)
31 creatures vanquished.

Notes
Turn   | Place    | Note
-------+----------+-------------------------------------------
     0 | D:1      | grindst0ne the Demonspawn Wizard began the quest for the Orb.
     0 | D:1      | Reached XP level 1. HP: 13/13 MP: 4/4
   132 | D:1      | Reached skill level 1 in Fighting
   230 | D:1      | Gained mutation: You sometimes gain a little power by taking damage. [demonic ancestry]
   230 | D:1      | Reached XP level 2. HP: 12/22 MP: 0/6
  1241 | D:2      | Gained mutation: You have a pair of small horns on your head. [demonic ancestry]
  1241 | D:2      | Reached XP level 3. HP: 28/28 MP: 2/7
  1727 | D:2      | Found a faded altar of an unknown god.
  1794 | D:2      | HP: 1/29 [adder (3)]
  1794 | D:2      | Slain by an adder

Skill      XL: |  1  2  3 |
---------------+----------+-----
Fighting       | 1 2 3 |  3.0
Dodging        | |  1.7
Stealth        | |  1.7
Spellcasting   | |  3.0
Conjurations   | |  1.0
Summonings     | |  1.0
Translocations | |  0.8

Action                   || total
-------------------------++-------
Melee: Club              ||    41
       Unarmed           ||     7
       Hand axe          ||    22
       Headbutt          ||     3
 Cast: Magic Dart        ||    67
  Use: Potion            ||     1
  Eat: Chunk             ||     2
Armor: Robe              ||    22
Dodge: Dodged            ||    77
